 Dungeon Crawl Stone Soup version 0.23.2-1-ga50397a6bc (webtiles) character file.

Game seed: 4094289017326740897

585 Mrkan the Grappler (level 7, -6/66 HPs)
             Began as a Troll Monk on May 23, 2019.
             Was a Believer of Ru.
             Mangled by a gnoll
             ... wielding a +3 whip
              (9 damage)
             ... on level 5 of the Dungeon.
             The game lasted 00:07:29 (3155 turns).

Mrkan the Grappler (Troll Monk)                     Turns: 3155, Time: 00:07:29

Health: -6/66      AC:  6    Str: 20    XL:     7   Next: 15%
Magic:  6/6        EV: 10    Int:  6    God:    Ru [**....]
Gold:   206        SH:  0    Dex: 14    Spells: 6/6 levels left

rFire    x . .     SeeInvis .     - Unarmed
rCold    x . .     Gourm    +   (no shield)
rNeg     . . .     Faith    .   a - +0 robe
rPois    .         Spirit   .   (helmet restricted)
rElec    .         Reflect  .   (no cloak)
rCorr    .         Harm     .   (gloves unavailable)
MR       .....                  (boots unavailable)
Stlth    ++........             (no amulet)
HPRegen  0.61/turn              (no ring)
MPRegen  0.10/turn              (no ring)

@: no status effects
A: large, unfitting armour, claws 3, fast metabolism 3, gourmand, regeneration
1, shaggy fur 1, tough skin 3, temperature sensitive
a: Renounce Religion


You were on level 5 of the Dungeon.
You worshipped Ru.
Ru was pleased with you.
You were very full.

You visited 1 branch of the dungeon, and saw 5 of its levels.

You collected 206 gold pieces.

Inventory:

Missiles
 c - 2 javelins (quivered)
Armour
 a - a +0 robe (worn)
Jewellery
 f - a cursed ring of attention {unknown}
 k - a cursed -2 ring of strength {unknown}
 s - an uncursed ring of see invisible {unknown}
Wands
 t - a wand of random effects (21)
Scrolls
 e - a scroll of fear {unknown}
 g - a scroll of enchant armour {unknown}
 h - a scroll of immolation {unknown}
 j - a scroll of teleportation {unknown}
 l - 3 scrolls of magic mapping {unknown}
 o - 10 scrolls of identify {unknown}
 r - a scroll of remove curse {unknown}
Potions
 d - a potion of brilliance {unknown}
 i - 2 potions of magic {unknown}
 m - 2 potions of heal wounds {unknown}
 n - a potion of degeneration {unknown}
 p - a potion of lignification {unknown}
 q - a potion of resistance {unknown}
Comestibles
 b - 9 rations
 u - 3 chunks of flesh


   Skills:
 - Level 2.4 Fighting
 - Level 2.4 Dodging
 - Level 1.0 Stealth
 * Level 8.3 Unarmed Combat


You had 6 spell levels left.
You didn't know any spells.
Your spell library contained the following spells:

 Spells                   Type           Power        Failure   Level  Hunger
 Animate Skeleton         Necr           N/A          45%         1    ##.....
 Apportation              Tloc           #.....       45%         1    ##.....
 Confusing Touch          Hex            #.....       45%         1    ##.....
 Summon Small Mammal      Summ           #...         45%         1    ##.....


Dungeon Overview and Level Annotations

Branches:
Dungeon (5/15)
 Temple: D:4-7

Altars:
Elyvilon
Kikubaaqudgha
Ru
Vehumet
Wu Jian
The Shining One

Shops:
D:5 }


Innate Abilities, Weirdness & Mutations

You are too large for most types of armour.
You have claws for hands.
Your metabolism is lightning-fast.
You like to eat raw meat.
Your natural rate of healing is unusually fast.
You are covered in fur. (AC +1)
You have extremely tough skin. (AC +3)
You are sensitive to extremes of temperature. (rF-, rC-)


Message History

The gnoll hits you with a +3 whip!
The gnoll hits you from afar with a +0 spear.
You closely miss the gnoll. The gnoll hits you with a +3 whip!
* * * LOW HITPOINT WARNING * * *
The gnoll hits you from afar with a +0 spear.
* * * LOW HITPOINT WARNING * * *
The gnoll barely misses you.
You scratch the gnoll.
The gnoll is moderately wounded.
The gnoll hits you with a +3 whip!
* * * LOW HITPOINT WARNING * * *
The gnoll hits you but does no damage. x2
A gnoll comes into view. It is wielding a +2 spear of venom.
The gnoll shouts!
The gnoll barely misses you. x2; The gnoll hits you with a +3 whip.
* * * LOW HITPOINT WARNING * * *
A gnoll comes into view. It is wielding a +0 spear.
The gnoll barely misses you. The gnoll hits you but does no damage.
The gnoll hits you with a +3 whip!
You die...

###### #....# .#....
#....# .....>. #....#
.......####### #....#
........##...######..8.#
#.......#......#.g).)..#
#....#....##...@g##..8.#
#.....)....#....gg.....#
........)..#.#..gg#..8.#
............∩.....#....#
.........<.#.##...##.8.#
...#####..##..##.###g..##
.. #............gg..# .
#.......##...........#
##...#..# #(..#........#


You could see 6 gnolls.

Vanquished Creatures
  A centaur (D:5)
  An ogre (D:3)
  2 vampire bats (D:2)
  A crimson imp (D:5)
  A centaur skeleton (D:5)
  2 orc wizards
  Robin (D:4)
  6 adders
  2 gnolls (D:5)
  An ooze (D:1)
  4 worms
  A dart slug (D:3)
  3 leopard geckos
  11 orcs
  7 bats
  A bat skeleton (D:2)
  5 bat zombies (D:2)
  2 giant cockroaches
  15 goblins
  10 hobgoblins
  9 jackals
  2 quokkas (D:3)
  2 ball pythons
  A ball python skeleton (D:4)
  10 frilled lizards
  7 kobolds
  9 rats
117 creatures vanquished.

Notes
Turn   | Place    | Note
-------+----------+-------------------------------------------
     0 | D:1      | Mrkan the Troll Monk began the quest for the Orb.
     0 | D:1      | Reached XP level 1. HP: 22/22 MP: 0/0
   160 | D:1      | Reached XP level 2. HP: 29/29 MP: 1/1
   219 | D:1      | Reached skill level 4 in Unarmed Combat
   564 | D:1      | Reached XP level 3. HP: 36/36 MP: 2/2
   929 | D:2      | Found a glowing golden altar of the Shining One.
  1207 | D:2      | Found an ornate altar of the Wu Jian Council.
  1207 | D:2      | Found a white marble altar of Elyvilon.
  1443 | D:2      | Found an ancient bone altar of Kikubaaqudgha.
  1453 | D:2      | Reached XP level 4. HP: 42/44 MP: 3/3
  1457 | D:2      | Reached skill level 5 in Unarmed Combat
  1469 | D:2      | Reached XP level 5. HP: 46/50 MP: 4/4
  1774 | D:3      | Reached skill level 6 in Unarmed Combat
  1902 | D:3      | Found a sacrificial altar of Ru.
  1931 | D:3      | Became a worshipper of Ru the Awakened
  1939 | D:3      | Gained mutation: You are sensitive to extremes of
                  | temperature. (rF-, rC-) [Ru sacrifice]
  1939 | D:3      | Reached * piety under Ru
  1939 | D:3      | Reached ** piety under Ru
  1978 | D:3      | Found a radiant altar of Vehumet.
  2108 | D:3      | Noticed an ogre
  2214 | D:3      | Killed an ogre
  2214 | D:3      | Reached skill level 7 in Unarmed Combat
  2214 | D:3      | Reached XP level 6. HP: 59/59 MP: 5/5
  2754 | D:4      | Noticed Robin
  2774 | D:4      | Killed Robin
  3056 | D:5      | Entered Level 5 of the Dungeon
  3056 | D:5      | Found Sumuogua's Gadget Shoppe.
  3086 | D:5      | Reached skill level 8 in Unarmed Combat
  3138 | D:5      | Reached XP level 7. HP: 60/66 MP: 6/6
  3154 | D:5      | HP: 3/66 [gnoll/+3 whip (2)]
  3155 | D:5      | Mangled by a gnoll

Skill      XL: |  1  2  3  4  5  6 |
---------------+-------------------+-----
Unarmed Combat | 4 5 7 8 |  8.3
Fighting       | |  2.4
Dodging        | |  2.4
Stealth        | |  1.0

Action                   |  1- 3 |  4- 6 |  7- 9 || total
-------------------------+-------+-------+-------++-------
Melee: Unarmed           |   114 |   176 |    12 ||   302
       Punch             |     1 |     2 |       ||     3
Invok: Sacrifice Resista |       |     1 |       ||     1
 Stab: Sleeping          |     2 |     1 |       ||     3
       Paralysed         |       |     2 |       ||     2
  Eat: Chunk             |    12 |    22 |       ||    34
Armor: Robe              |    53 |    70 |     5 ||   128
Dodge: Dodged            |    61 |   102 |    12 ||   175
